 Dungeon Crawl Stone Soup version 0.31.0-11-ge490571c62 (webtiles) character file.

Game seed: 8407404439780323319

261 Arcadio the Sneak (level 6, 0/49 HPs)
             Began as a Human Delver on Jan 29, 2024.
             Incinerated by a bombardier beetle (6 damage)
             ... with a burning spray
             ... on level 4 of the Dungeon.
             The game lasted 00:05:03 (2954 turns).

Arcadio the Sneak (Human Delver)                    Turns: 2954, Time: 00:05:03

Health: 0/49       AC:  8    Str: 12    XL:     6   Next: 18%
Magic:  6/6        EV:  7    Int: 11    God:
Gold:   236        SH:  0    Dex: 16    Spells: 5/5 levels left

rFire   . . .        a - +0 falchion
rCold   . . .        (no shield)
rNeg    . . .        o - +0 chain mail
rPois   .            (no helmet)
rElec   .            (no cloak)
rCorr   .            (no gloves)
SInv    .            (no boots)
Will    .....        (no amulet) Stlth
                     u - ring of wizardry
HPRegen 0.28/turn    (no ring)
MPRegen 0.10/turn

%: wizardry (x1)
@: on fire, glowing
A: explore regen
a: no special abilities


You were on level 4 of the Dungeon.
You visited 1 branch of the dungeon, and saw 6 of its levels.

You collected 236 gold pieces.

Inventory:

Hand Weapons
 a - a +0 falchion (weapon)
Armour
 b - a +0 leather armour
 k - a +0 ring mail
 l - a +0 scale mail
 o - a +0 chain mail (worn)
 s - a +0 cloak
 t - the +2 robe of Tylubyha {Str+5 SInv}
   (You found it on level 3 of the Dungeon)

   Str+5:     It affects your strength (+5).
   SInv:      It lets you see invisible.
Jewellery
 u - a ring of wizardry (left hand)
Wands
 g - a wand of digging (3)
Scrolls
 c - a scroll of fog
 d - 2 scrolls of revelation
 e - 2 scrolls of fear
 f - 7 scrolls of identify {unknown}
 h - a scroll of summoning {unknown}
 i - a scroll of torment {unknown}
 j - 2 scrolls of vulnerability {unknown}
 n - 3 scrolls of blinking {unknown}
 q - a scroll of silence {unknown}
 r - a scroll of teleportation {unknown}
 x - a scroll of immolation {unknown}
Potions
 m - 2 potions of curing {unknown}
 p - a potion of mutation {unknown}
 v - 2 potions of lignification {unknown}
 w - a potion of enlightenment {unknown}
 z - a potion of brilliance {unknown}


   Skills:
 + Level 4.6 Fighting
 + Level 3.9 Long Blades
 + Level 2.0 Armour
 - Level 3.0 Dodging
 - Level 5.0 Stealth


You had 5 spell levels left.
You didn't know any spells.
Your spell library was empty.

Dungeon Overview and Level Annotations

Branches:
Dungeon (6/15)
 Temple: D:4-7

Altars:


Innate Abilities, Weirdness & Mutations

You regain HP and MP as you explore.


Message History

The bombardier beetle is severely wounded.
The bombardier beetle sprays incendiary fluid at you.
The burning spray hits you.
You are covered in liquid fire!
You hit the bombardier beetle but do no damage.
The bombardier beetle is severely wounded.
The liquid fire burns you!
You closely miss the bombardier beetle.
The bombardier beetle is severely wounded.
The liquid fire burns you!
The bombardier beetle sprays incendiary fluid at you.
The burning spray hits you.
You are even more covered in liquid fire!
You hit the bombardier beetle.
The bombardier beetle is almost dead.
The liquid fire burns you! The bombardier beetle bites you.
You closely miss the bombardier beetle.
The bombardier beetle is almost dead.
The liquid fire burns you!
You barely miss the bombardier beetle.
The bombardier beetle is almost dead.
The liquid fire burns you!
The bombardier beetle closely misses you.
You hit the bombardier beetle but do no damage.
The bombardier beetle is almost dead.
The liquid fire burns you!
The bombardier beetle bites you but does no damage.
You hit the bombardier beetle but do no damage.
The bombardier beetle is almost dead.
The liquid fire burns you!
You barely miss the bombardier beetle.
The bombardier beetle is almost dead.
The liquid fire burns you! The bombardier beetle bites you.
* * * LOW HITPOINT WARNING * * *
You hit the bombardier beetle but do no damage.
The bombardier beetle is almost dead.
The liquid fire burns you!
You die...

# .. #. #####
.... . ..# .
.######.# .#
........#####.#
#B@<.....#.#
####+#....###.#
...........#...
#...........#.###
#......)#........
#.......#.....###
#.......#.....#
#.......#.....#
####
#.......#.....#


You could see a bombardier beetle.

Vanquished Creatures
  A scorpion (D:2)
  2 hounds
  An orc priest (D:3)
  4 adders
  An ufetubus (D:5)
  3 dart slugs
  A ribbon worm (D:4)
  5 orcs
  2 ball pythons (D:2)
  2 bats (D:3)
  6 endoplasms
  4 giant cockroaches
  8 goblins
  5 hobgoblins
  A quokka (D:4)
  3 frilled lizards (D:1)
  9 kobolds
  6 rats
64 creatures vanquished.

Notes
Turn   | Place    | Note
-------+----------+-------------------------------------------
     0 | D:5      | Arcadio the Human Delver began the quest for the Orb.
     0 | D:5      | Reached XP level 1. HP: 18/18 MP: 1/1
   108 | D:5      | Reached XP level 2. HP: 24/24 MP: 2/2
   143 | D:5      | Reached XP level 3. HP: 19/29 MP: 3/3
   297 | D:5      | Noticed a scorpion
   333 | D:5      | Noticed a scorpion
   339 | D:5      | Noticed a scorpion
   353 | D:4      | Noticed a scorpion
   743 | D:1      | Reached XP level 4. HP: 32/37 MP: 4/4
  1585 | D:2      | Killed a scorpion
  1586 | D:2      | Reached skill level 1 in Armour
  1586 | D:2      | Reached XP level 5. HP: 18/42 MP: 5/5
  2429 | D:3      | Identified the +2 robe of Tylubyha {Str+5 SInv}
  2728 | D:4      | Reached XP level 6. HP: 44/49 MP: 6/6
  2954 | D:4      | Incinerated by a bombardier beetle

Illustrated notes

Levels and vault maps discovered:
D:1:      evilmike_arrival_plus, layout_basic, serial_glass, glass_columns_a,
          glass_columns_a, glass_columns_c, glass_columns_a, glass_columns_a,
          solitary_fountain, minmay_split_cup_large
D:2:      layout_basic, grunt_ministairs_14
D:3:      layout_rooms, amcnicky_mini_rare_corridor_liquid
D:4:      layout_basic, okawaru_altar_gauntlet_db
D:5:      layout_loops_cross
D:6:      cheibrodos_quashed, layout_basic, nicolae_gozag_seed_capital,
          gup_sewer_entry_bowl

Skill      XL: |  1  2  3  4  5 |
---------------+----------------+-----
Long Blades    | 3 |  3.9
Dodging        | 3 |  3.0
Fighting       | 4 |  4.6
Armour         | 1 2 |  2.0
Stealth        | |  5.0

Action                     |  1- 3 |  4- 6 || total
---------------------------+-------+-------++-------
  Melee: Falchion          |    51 |   187 ||   238
         Punch             |       |     1 ||     1
    Use: Potion            |     1 |       ||     1
   Stab: Sleeping          |     4 |     1 ||     5
 Armour: Leather armour    |     8 |       ||     8
         Ring mail         |    59 |     3 ||    62
         Scale mail        |       |    24 ||    24
         Chain mail        |       |    94 ||    94
  Dodge: Dodged            |    52 |    86 ||   138
